PAAA
JERSEY CITY TRITONS @ BAKERSFIELD NOBLES
07/29/2034
 
TOP OF THE 1ST
Jersey City Tritons batting - Pitching for Bakersfield Nobles : RHP Manuel Sánchez
Pitching: RHP Manuel Sánchez
Batting: RHB Marcos Alfaro 0-0: SINGLE (Groundball, 5D)
Batting: RHB Dani Durán 0-0: Ball
1-0: Ball
2-0: Called Strike
2-1: Called Strike
2-2: Grounds into double play, 4-6-3 (Groundball, 4)
Batting: LHB Dana Waldrip 0-0: Called Strike
0-1: Foul Ball, location: 2F
0-2: Strikes out swinging
Top of the 1st over - 0 runs, 1 hit, 0 errors, 0 left on base; Jersey City 0 - Bakersfield 0
BOTTOM OF THE 1ST
Bakersfield Nobles batting - Pitching for Jersey City Tritons : LHP Jeff Enamorado
Pitching: LHP Jeff Enamorado
Batting: RHB Wei-qiang Mo 0-0: Ground out 1-3 (Groundball, P)
Batting: RHB Stanley van de Ven 0-0: Ball
1-0: Ball
2-0: Ball
3-0: Base on Balls
Batting: RHB Terry Armstrong 0-0: Called Strike
0-1: Called Strike
0-2: Fly out, F8 (Flyball, 78D)
Batting: RHB Terry John 0-0: Fly out, F8 (Flyball, 8RXD)
Bottom of the 1st over - 0 runs, 0 hits, 0 errors, 1 left on base; Jersey City 0 - Bakersfield 0
TOP OF THE 2ND
Jersey City Tritons batting - Pitching for Bakersfield Nobles : RHP Manuel Sánchez
Batting: RHB Carlos Rúbio 0-0: Called Strike
0-1: Ball
1-1: Ball
2-1: Fly out, F7 (Line Drive, 7D)
Batting: RHB Seth Rollins 0-0: Ball
1-0: Swinging Strike
1-1: Foul Ball, location: 2F
1-2: Reached on error, E4 (Groundball, 4M)
Batting: LHB Mathias Gudmestad 0-0: Ball
1-0: Called Strike
1-1: DOUBLE (Groundball, 5L)
Seth Rollins to third
Batting: RHB Júlio Costa 0-0: Ball
1-0: Foul Ball, location: 2F
1-1: Ball
2-1: Ball
3-1: Base on Balls
Batting: RHB Micheal Lovell 0-0: Ball
1-0: Ball
2-0: Ball
3-0: Called Strike
3-1: Foul Ball, location: 2F
3-2: SINGLE (Groundball, 6D)
Seth Rollins scores
Mathias Gudmestad to third
Júlio Costa to second
Batting: RHB Yohann Serres 0-0: Ball
1-0: Ball
2-0: Fly out, F7 (Flyball, 7LSF)
Runner from 3rd tags up, SCORES, no throw
Batting: RHB Marcos Alfaro 0-0: Called Strike
0-1: Swinging Strike
0-2: Ball
1-2: Ball
2-2: Foul Ball, location: 2F
2-2: Ground out 5-3 (Groundball, 56)
Top of the 2nd over - 2 runs, 2 hits, 1 error, 2 left on base; Jersey City 2 - Bakersfield 0
BOTTOM OF THE 2ND
Bakersfield Nobles batting - Pitching for Jersey City Tritons : LHP Jeff Enamorado
Batting: RHB Brent Ryan 0-0: Called Strike
0-1: Ball
1-1: Ground out 5-3 (Groundball, 5S)
Batting: RHB Yoshihito Samurakami 0-0: Ball
1-0: Foul Ball, location: 2F
1-1: Fly out, F9 (Flyball, 9)
Batting: RHB Bartolo Morales 0-0: Foul Ball, location: 2F
0-1: Foul Ball, location: 2F
0-2: Foul Ball, location: 2F
0-2: Foul Ball, location: 2F
0-2: Foul Ball, location: 2F
0-2: Ball
1-2: Ground out 6-3 (Groundball, 6)
Bottom of the 2nd over - 0 runs, 0 hits, 0 errors, 0 left on base; Jersey City 2 - Bakersfield 0
TOP OF THE 3RD
Jersey City Tritons batting - Pitching for Bakersfield Nobles : RHP Manuel Sánchez
Batting: RHB Dani Durán 0-0: Ball
1-0: Ball
2-0: Swinging Strike
2-1: Ball
3-1: Foul Ball, location: 2F
3-2: Foul Ball, location: 2F
3-2: Strikes out looking
Batting: LHB Dana Waldrip 0-0: Ball
1-0: Called Strike
1-1: SOLO HOME RUN (Flyball, 9LD), Distance : 333 ft
Batting: RHB Carlos Rúbio 0-0: Called Strike
0-1: Ball
1-1: Swinging Strike
1-2: Strikes out looking
Batting: RHB Seth Rollins 0-0: Called Strike
0-1: Ball
1-1: Fly out, F8 (Flyball, 78D)
Top of the 3rd over - 1 run, 1 hit, 0 errors, 0 left on base; Jersey City 3 - Bakersfield 0
BOTTOM OF THE 3RD
Bakersfield Nobles batting - Pitching for Jersey City Tritons : LHP Jeff Enamorado
Batting: RHB Pedro Hernández 0-0: Swinging Strike
0-1: Foul Ball, location: 2F
0-2: Ground out 5-3 (Groundball, 56S)
Batting: RHB Juan Dávila 0-0: Swinging Strike
0-1: Called Strike
0-2: Ball
1-2: Foul Ball, location: 2F
1-2: Ball
2-2: Ball
3-2: Strikes out looking
Batting: RHB Wei-qiang Mo 0-0: Ball
1-0: Ball
2-0: Fly out, F5 (Popup, 5SF)
Bottom of the 3rd over - 0 runs, 0 hits, 0 errors, 0 left on base; Jersey City 3 - Bakersfield 0
TOP OF THE 4TH
Jersey City Tritons batting - Pitching for Bakersfield Nobles : RHP Manuel Sánchez
Batting: LHB Mathias Gudmestad 0-0: Foul Ball, location: 2F
0-1: Called Strike
0-2: Ball
1-2: Foul Ball, location: 2F
1-2: Ball
2-2: Fly out, F9 (Flyball, 9LMF)
Batting: RHB Júlio Costa 0-0: Ball
1-0: Ball
2-0: Called Strike
2-1: Ball
3-1: Base on Balls
Pitching: RHP Cameron Frye
Batting: RHB Micheal Lovell 0-0: Fly out, F5 (Line Drive, 56S)
Batting: RHB Yohann Serres 0-0: Ball
1-0: Swinging Strike
1-1: Called Strike
1-2: Strikes out swinging
Top of the 4th over - 0 runs, 0 hits, 0 errors, 1 left on base; Jersey City 3 - Bakersfield 0
BOTTOM OF THE 4TH
Bakersfield Nobles batting - Pitching for Jersey City Tritons : LHP Jeff Enamorado
Batting: RHB Stanley van de Ven 0-0: Ball
1-0: Ball
2-0: Foul Ball, location: 2F
2-1: Foul Ball, location: 2F
2-2: Strikes out swinging
Batting: RHB Terry Armstrong 0-0: Ball
1-0: Foul Ball, location: 2F
1-1: Foul Ball, location: 2F
1-2: Ball
2-2: Foul Ball, location: 2F
2-2: Ball
3-2: Ground out U3 (Groundball, 3)
Batting: RHB Terry John 0-0: Ball
1-0: Swinging Strike
1-1: Swinging Strike
1-2: Ground out 6-3 (Groundball, 6)
Bottom of the 4th over - 0 runs, 0 hits, 0 errors, 0 left on base; Jersey City 3 - Bakersfield 0
TOP OF THE 5TH
Jersey City Tritons batting - Pitching for Bakersfield Nobles : RHP Cameron Frye
Batting: RHB Marcos Alfaro 0-0: Called Strike
0-1: Ground out 4-3 (Groundball, 4)
Batting: RHB Dani Durán 0-0: Called Strike
0-1: Foul Ball, location: 2F
0-2: Ball
1-2: Strikes out looking
Batting: LHB Dana Waldrip 0-0: SINGLE (Line Drive, 4M)
Batting: RHB Carlos Rúbio 0-0: Ball
1-0: Fielders Choice at 2nd, 6-4 (Groundball, 6)
Top of the 5th over - 0 runs, 1 hit, 0 errors, 1 left on base; Jersey City 3 - Bakersfield 0
BOTTOM OF THE 5TH
Bakersfield Nobles batting - Pitching for Jersey City Tritons : LHP Jeff Enamorado
Batting: RHB Brent Ryan 0-0: Ball
1-0: Ball
2-0: Ball
3-0: Ground out 6-3 (Groundball, 6)
Batting: RHB Yoshihito Samurakami 0-0: Ground out 6-3 (Groundball, 6)
Batting: RHB Bartolo Morales 0-0: Ball
1-0: Ball
2-0: Swinging Strike
2-1: Ball
3-1: Base on Balls
Batting: RHB Pedro Hernández 0-0: Ball
1-0: Called Strike
1-1: Called Strike
1-2: Foul Ball, location: 2F
1-2: Fly out, F6 (Line Drive, 6)
Bottom of the 5th over - 0 runs, 0 hits, 0 errors, 1 left on base; Jersey City 3 - Bakersfield 0
TOP OF THE 6TH
Jersey City Tritons batting - Pitching for Bakersfield Nobles : RHP Cameron Frye
Batting: RHB Seth Rollins 0-0: Swinging Strike
0-1: Foul Ball, location: 2F
0-2: Strikes out swinging
Batting: LHB Mathias Gudmestad 0-0: Called Strike
0-1: Foul Ball, location: 2F
0-2: Ball
1-2: Ball
2-2: Foul Ball, location: 2F
2-2: Strikes out swinging, 2-3 out at first.
Batting: RHB Júlio Costa 0-0: Swinging Strike
0-1: Ball
1-1: Ball
2-1: Ball
3-1: Foul Ball, location: 2F
3-2: Ground out 5-3 (Groundball, 56)
Top of the 6th over - 0 runs, 0 hits, 0 errors, 0 left on base; Jersey City 3 - Bakersfield 0
BOTTOM OF THE 6TH
Bakersfield Nobles batting - Pitching for Jersey City Tritons : LHP Jeff Enamorado
Batting: RHB Juan Dávila 0-0: Foul Ball, location: 2F
0-1: Ground out 6-3 (Groundball, 6)
Batting: RHB Wei-qiang Mo 0-0: Called Strike
0-1: Fly out, F8 (Flyball, 8LD)
Batting: RHB Stanley van de Ven 0-0: Ball
1-0: Ball
2-0: Fly out, F8 (Flyball, 78D)
Bottom of the 6th over - 0 runs, 0 hits, 0 errors, 0 left on base; Jersey City 3 - Bakersfield 0
TOP OF THE 7TH
Jersey City Tritons batting - Pitching for Bakersfield Nobles : RHP Cameron Frye
Batting: RHB Micheal Lovell 0-0: Ball
1-0: Ground out 5-3 (Groundball, 56S)
Batting: RHB Yohann Serres 0-0: Called Strike
0-1: Fly out, F9 (Flyball, 9S)
Batting: RHB Marcos Alfaro 0-0: Called Strike
0-1: Ball
1-1: Ball
2-1: Ball
3-1: DOUBLE (Flyball, 78D)
Batting: RHB Dani Durán 0-0: Called Strike
0-1: Foul Ball, location: 2F
0-2: Ball
1-2: Strikes out swinging
Top of the 7th over - 0 runs, 1 hit, 0 errors, 1 left on base; Jersey City 3 - Bakersfield 0
BOTTOM OF THE 7TH
Bakersfield Nobles batting - Pitching for Jersey City Tritons : LHP Jeff Enamorado
Batting: RHB Terry Armstrong 0-0: SINGLE (Flyball, 9LS)
Batting: RHB Terry John 0-0: Swinging Strike
0-1: Foul Ball, location: 2F
0-2: Fly out, F7 (Flyball, 7D)
Batting: RHB Brent Ryan 0-0: Ball
1-0: DOUBLE (Line Drive, 7LM)
Terry Armstrong to third
Batting: RHB Yoshihito Samurakami 0-0: Called Strike
0-1: Ground out 5-3 (Groundball, 56)
Terry Armstrong scores
Batting: RHB Bartolo Morales 0-0: Ball
1-0: Ball
2-0: Foul Ball, location: 2F
2-1: Fly out, F6 (Line Drive, 6M)
Bottom of the 7th over - 1 run, 2 hits, 0 errors, 1 left on base; Jersey City 3 - Bakersfield 1
TOP OF THE 8TH
Jersey City Tritons batting - Pitching for Bakersfield Nobles : RHP Cameron Frye
Batting: LHB Dana Waldrip 0-0: Called Strike
0-1: Ball
1-1: Ball
2-1: Ball
3-1: SINGLE (Groundball, 13) (infield hit)
Batting: RHB Carlos Rúbio 0-0: Called Strike
Dana Waldrip is caught stealing 2nd base
0-1: Foul Ball, location: 2F
0-2: Ball
1-2: SINGLE (Flyball, 8LM)
Pitching: RHP Tobías Pérez
Batting: RHB Seth Rollins 0-0: Ball
1-0: Called Strike
1-1: Foul Ball, location: 2F
1-2: Grounds into double play, 6-4-3 (Groundball, 6)
Top of the 8th over - 0 runs, 2 hits, 0 errors, 0 left on base; Jersey City 3 - Bakersfield 1
BOTTOM OF THE 8TH
Bakersfield Nobles batting - Pitching for Jersey City Tritons : LHP Jeff Enamorado
Batting: RHB Pedro Hernández 0-0: Ground out 5-3 (Groundball, 56)
Batting: RHB Juan Dávila 0-0: Foul Ball, location: 2F
0-1: DOUBLE (Flyball, 78XD)
Batting: RHB Wei-qiang Mo 0-0: Swinging Strike
0-1: Ball
1-1: Fly out, F9 (Flyball, 89M)
Batting: RHB Stanley van de Ven 0-0: Ball
1-0: Foul Ball, location: 2F
1-1: Fly out, F5 (Flyball, 5D)
Bottom of the 8th over - 0 runs, 1 hit, 0 errors, 1 left on base; Jersey City 3 - Bakersfield 1
TOP OF THE 9TH
Jersey City Tritons batting - Pitching for Bakersfield Nobles : RHP Tobías Pérez
Batting: LHB Mathias Gudmestad 0-0: Ball
1-0: Ball
2-0: Called Strike
2-1: Ground out 4-3 (Groundball, 4)
Batting: RHB Júlio Costa 0-0: Ball
1-0: Swinging Strike
1-1: Foul Ball, location: 2F
1-2: Fly out, F9 (Flyball, 9)
Batting: RHB Micheal Lovell 0-0: Foul Ball, location: 2F
0-1: Foul Ball, location: 2F
0-2: Strikes out swinging
Top of the 9th over - 0 runs, 0 hits, 0 errors, 0 left on base; Jersey City 3 - Bakersfield 1
BOTTOM OF THE 9TH
Bakersfield Nobles batting - Pitching for Jersey City Tritons : LHP Jeff Enamorado
Pitching: RHP Raúl Flores
Batting: RHB Terry Armstrong 0-0: Foul Ball, location: 2F
0-1: Swinging Strike
0-2: Ball
1-2: Foul Ball, location: 2F
1-2: Foul Ball, location: 2F
1-2: Ground out 4-3 (Groundball, 4)
Batting: RHB Terry John 0-0: Ball
1-0: Called Strike
1-1: Ball
2-1: Ball
3-1: Ground out 3-1 (Groundball, 34)
Batting: RHB Brent Ryan 0-0: Called Strike
0-1: Foul Ball, location: 2F
0-2: Ball
1-2: Ball
2-2: Ball
3-2: Foul Ball, location: 2F
3-2: Base on Balls
Pinch Hitting: LHB Jesús Reyes 0-0: Ball
1-0: Called Strike
1-1: Swinging Strike
1-2: Ground out U3 (Groundball, 34S)
Bottom of the 9th over - 0 runs, 0 hits, 0 errors, 1 left on base; Jersey City 3 - Bakersfield 1
Friday, March 29th, 2019 - OOTP Baseball 18.8 Build 76